woodfighter, chaotic female elven Rogue ----- ######## |(..| ------ ---------### ##....| |.....## |.......---# # |...| ------------ |...*| |.........|########|..#| |..........+ |....-#######..........| # -.--- ### ##+..........| ------ |........f@##### # # # |..........| |.........| # #####...........| ---.......| ### # |..........| --------- # ### ------------ ## # ---.--# |....|# |..<.|# |....|# |....|# |....|# |.....# ------ woodfighter the Footpad Experience level: 2 Strength: 12 Dexterity: 18 Constitution: 10 Intelligence: 12 Wisdom: 11 Charisma: 12 Health: 0(19) Energy: 9(9) Def: 3 Gold: 126 Moves: 930 Dungeon seed: Vp7UJv9U5emCFo0O Game ID: woodfighter_1511046659 Your Inventory: Coins $ - 126 gold pieces Weapons a - a +0 elven short sword (weapon in hand) b - 13 +0 elven daggers (in quiver) Armor e - an uncursed +1 leather armor (being worn) n - an uncursed +0 orcish helm Comestibles k - 2 uncursed food rations m - 2 uncursed tripe rations o - an uncursed sprig of wolfsbane p - 2 uncursed tins of spinach v - an uncursed pancake Wands h - a wand of opening (0:3) Tools g - an uncursed blindfold s - an uncursed sack y - an uncursed lock pick Contents of the sack: 161 gold pieces a [cursed] scroll of destroy armor a [uncursed] scroll of remove curse a [blessed] spellbook of wizard lock a [uncursed] potion of healing a [blessed] potion of monster detection an uncursed potion of sickness a [uncursed] potion of water a [uncursed] ring of slow digestion Spells and supernatural/magical abilities: Name Level Category Fail Memory W - pray for help -- divine ? -- Your skills at the end: Miscellaneous Skills wands [Basic] Weapon Skills dagger [Basic] short sword [Basic] Spellcasting Skills Final Attributes: You were piously aligned. You had infravision. You were stealthy. You are dead. Vanquished creatures: 2 coyotes a gas spore a gecko a newt 4 goblins a grid bug 2 lichens 2 kobold zombies 14 creatures vanquished. Voluntary challenges: You did not adorn yourself with jewelry or accessories. You did not cause conflict. You were not invisible. You did not have reflection. You were not displaced. You were an atheist. You used a wielded weapon 14 times, starting on turn 118. You did not apply a unicorn horn. You did not use plumbed fixtures. You did not drink any magical draughts. You were illiterate. You never genocided any monsters. You never polymorphed an object. You never changed form. You used no wishes. You never split a pudding. You never wrote Elbereth's name. You never violated your personal moral code. Dungeon overview: The Dungeons of Doom: levels 1 to 3 Level 1 a fountain a long staircase Level 2 a fountain Level 3 (vault) <- You were here a sink History has recorded: On T:1 you entered the Dungeons of Doom to retrieve the Amulet of Yendor! On T:272 you reached level 2 of The Dungeons of Doom. On T:602 you advanced to experience level 2. On T:660 you reached level 3 of The Dungeons of Doom. Score breakdown: Gold: 287 ( 28 points) Experience: 2 levels ( 100 points) Exploration: 3 levels ( 60 points) Discoveries: 8 items ( 400 points) Variety of kills: 8 monsters ( 400 points) Major goal: (nothing yet) ( 0 points) Survival: died (score multiplied by 3) Total score: 2964 Latest messages: The door opens. You stop exploring. You stab the coyote. The coyote bites! You kill the coyote! You see here a coyote corpse. This coyote corpse tastes terrible! You stop eating. (2x) The coyote bites! You kill the coyote! Kitty eats a partly eaten coyote corpse. You see here a tripe ration. m - a tripe ration. The door opens. You see here 10 rocks. You see here a pancake. v - a pancake. $ - 126 gold pieces. You hear the footsteps of a guard on patrol. You displace kitty. You hear the footsteps of a guard on patrol. You stop exploring. You kill the lichen! You stop exploring. You kill the gas spore! You are caught in the gas spore's explosion! Final status: Goodbye woodfighter the Rogue, killed by a gas spore's explosion... You died in The Dungeons of Doom on dungeon level 3 with 2964 points, and 287 pieces of gold, after 930 moves. You were level 2 with a maximum of 19 hit points when you died.